 Dungeon Crawl Stone Soup version 0.26-a0-450-ge645bd13c1 (webtiles) character file.

Game seed: 6550149056114939238

3382 Morbidden the Thaumaturge (level 9, 0/51 HPs)
             Began as a Deep Elf Conjurer on July 27, 2020.
             Was a Follower of Cheibriados.
             Slain by a yak (13 damage)
             ... on level 7 of the Dungeon.
             The game lasted 00:20:27 (10062 turns).

Morbidden the Thaumaturge (Deep Elf Conjurer)      Turns: 10062, Time: 00:20:27

Health: 0/51       AC:  7    Str: 10    XL:     9   Next: 74%
Magic:  20/24      EV: 14    Int: 33    God:    Cheibriados [*.....]
Gold:   499        SH:  0    Dex: 20    Spells: 16/27 levels left

rFire    . . .     SeeInvis .   E - +5 scimitar (vorpal) (curse)
rCold    . . .     Faith    .   (no shield)
rNeg     . . .     Spirit   .   u - +1 leather armour "Kehaxuni" {Dex+4}
rPois    .         Reflect  .   l - +0 helmet
rElec    .         Harm     .   n - scarf {repulsion}
rCorr    .                      t - +0 pair of gloves
MR       .....                  A - +0 pair of boots
Stlth    ++++......             (no amulet)
HPRegen  0.17/turn              o - +6 ring of intelligence
MPRegen  0.19/turn              a - ring of stealth

@: repel missiles, very slow
A: no striking features
a: Bend Time, Renounce Religion


You were on level 7 of the Dungeon.
You worshipped Cheibriados.
Cheibriados was aware of your devotion.
You visited 2 branches of the dungeon, and saw 9 of its levels.

You collected 499 gold pieces.

Inventory:

Hand Weapons
 E - a cursed +5 vorpal scimitar (weapon)
Armour
 g - a +1 kite shield
 l - a +0 helmet (worn)
 n - a scarf of repulsion (worn)
 t - a +0 pair of gloves (worn)
 u - the +1 leather armour "Kehaxuni" (worn) {Dex+4}
   (You found it on level 4 of the Dungeon)

   It affects your dexterity (+4).
 y - a +1 ring mail of cold resistance
 A - a +0 pair of boots (worn)
Jewellery
 a - a ring of stealth (right hand)
 j - an uncursed ring of protection from magic
 o - a +6 ring of intelligence (left hand)
 L - a cursed amulet of guardian spirit {unknown}
Wands
 s - a wand of disintegration (13)
 w - a wand of enslavement (9)
 G - a wand of iceblast (11)
 K - a wand of digging (4)
Scrolls
 c - 6 scrolls of remove curse
 e - 6 scrolls of identify
 k - 2 scrolls of magic mapping
 p - a scroll of vulnerability {unknown}
 q - 3 scrolls of amnesia
 r - a scroll of noise
 v - a scroll of teleportation
 z - 2 scrolls of fear
 D - a scroll of enchant armour
 I - a scroll of brand weapon
Potions
 b - a potion of lignification
 d - a potion of invisibility
 f - a potion of cancellation
 h - 2 potions of curing
 i - 3 potions of brilliance
 m - 2 potions of heal wounds {unknown}
 x - 2 potions of haste {unknown}
 B - a potion of stabbing {unknown}
 C - a potion of ambrosia {unknown}
 F - a potion of mutation {unknown}
 H - a potion of degeneration {unknown}
 J - a potion of berserk rage {unknown}


   Skills:
 * Level 3.6 Fighting
   Level 0.2(1.8) Short Blades
 + Level 2.7 Long Blades
 + Level 3.0 Armour
 + Level 4.0 Dodging
 + Level 3.9 Stealth
 * Level 3.5 Shields
 + Level 9.8 Spellcasting
 + Level 8.8 Conjurations
 + Level 1.4 Hexes
 + Level 0.3 Translocations
 * Level 2.9 Invocations
 + Level 0.5 Evocations


You had 16 spell levels left.
You knew the following spells:

 Your Spells              Type           Power        Failure   Level
a - Magic Dart            Conj           ####         1%          1
b - Searing Ray           Conj           ######       1%          2
c - Fulminant Prism       Conj/Hex       ######....   4%          4
z - Iskenderun's Mystic   Conj/Tloc      #####...     6%          4

Your spell library contained the following spells:

 Spells                   Type           Power        Failure   Level
 Dazzling Flash           Conj/Hex       ######       1%          3


Dungeon Overview and Level Annotations

Branches:
Dungeon (8/15)             Temple (1/1) D:4
   Lair: D:8-11

Altars:
Ashenzari
Cheibriados
Dithmenos
Elyvilon
Fedhas
Gozag
Hepliaklqana
Kikubaaqudgha
Makhleb
Nemelex Xobeh
Okawaru
Qazlal
Ru
Sif Muna
Trog
Uskayaw
Vehumet
Wu Jian
Xom
Yredelemnul
Zin

Shops:
D:4 [   D:6 [


Message History

a +0 chain mail; a +0 short sword Unknown command.
Unknown command.
Unknown command.
Unknown command.
Casting: Iskenderun's Mystic Blast (dangerous; 6% risk of failure)
Confirm with . or Enter, or press ? or * to list all spells.
You erupt in a blast of force!
The mystic blast hits the scorpion.
The scorpion is severely wounded.
The scorpion is knocked back by the mystic blast.
The scorpion slams into the rock wall!
The mystic blast hits the yak.
The yak is lightly wounded.
The mystic blast hits the yak!
The yak is moderately wounded.
The yak is knocked back by the mystic blast.
The mystic blast hits the yak!
The yak is moderately wounded.
The yak is knocked back by the mystic blast.
The yak slams into the rock wall!
The yak gores you!
You die...

.....# #..÷≈........##..
####.##
##...)........#...
#.....##
#.................
.......##
#####....#####....
......#.## ##..####
###.. .#######.## #...#
### ### ## ##.###
##..####.##### # ##..##
##Y..###......###
##..###@.s###.........##
##..##.Y.##............
##.....###............
##..Y.# #............
#.....# #...)........
##...## ###..........
##### ##.........
###....... ########


You could see 3 yaks and a scorpion.

Vanquished Creatures
  Sigmund (D:3)
  A yak (D:8)
  A basilisk (D:8)
  Duvessa (D:7)
  Dowan (D:7)
  A porcupine (D:7)
  A necrophage (D:7)
  An eye of draining (D:7)
  4 ogres
  An ice beast (D:7)
  2 phantoms
  A centaur (D:8)
  3 bullfrogs
  3 scorpions
  7 wights
  3 howler monkeys
  3 jellies
  A bullfrog zombie (D:3)
  4 hounds
  3 orc priests
  7 orc wizards
  An iguana (D:8)
  9 worker ants
  2 hound skeletons
  A worker ant zombie (D:5)
  A gnoll (D:3)
  7 adders
  2 oozes
  An adder skeleton (D:4)
  3 worms
  2 dart slugs
  4 leopard geckos
  35 orcs
  5 giant cockroaches
  6 hobgoblins
  5 jackals
  8 kobolds
  3 quokkas
  A ball python (D:4)
  4 bats
  4 frilled lizards
  6 goblins
  A jackal skeleton (D:4)
  3 leopard gecko skeletons (D:5)
  A quokka skeleton (D:4)
  3 rats
  A spectral orc (D:6)
169 creatures vanquished.

Vanquished Creatures (collateral kills)
  2 electric eels (D:7)
2 creatures vanquished.

Vanquished Creatures (others)
  5 fulminant prisms (D:8)
  3 fungi (D:8)
  6 plants (D:8)
14 creatures vanquished.

Grand Total: 185 creatures vanquished

Notes
Turn   | Place    | Note
-------+----------+-------------------------------------------
     0 | D:1      | Morbidden the Deep Elf Conjurer began the quest for the
                  | Orb.
     0 | D:1      | Reached XP level 1. HP: 10/10 MP: 6/6
   418 | D:1      | Reached XP level 2. HP: 15/15 MP: 5/8
   661 | D:1      | Learned a level 2 spell: Searing Ray
   896 | D:1      | Reached skill level 5 in Conjurations
  1273 | D:2      | Reached XP level 3. HP: 20/20 MP: 7/10
  1409 | D:2      | Found a shimmering altar of Xom.
  1961 | D:3      | Reached XP level 4. HP: 21/24 MP: 2/11
  2340 | D:3      | Noticed Sigmund
  2358 | D:3      | Reached skill level 4 in Spellcasting
  2365 | D:3      | Killed Sigmund
  2365 | D:3      | Reached skill level 1 in Fighting
  2365 | D:3      | Reached XP level 5. HP: 14/29 MP: 3/14
  2392 | D:3      | Reached XP level 6. HP: 19/34 MP: 0/15
  2619 | D:3      | Reached skill level 1 in Shields
  2728 | D:3      | Reached skill level 5 in Spellcasting
  3306 | D:3      | Found a blossoming altar of Fedhas.
  3407 | D:3      | You fall into a shaft and drop 2 floors!
  3407 | D:5      | Entered Level 5 of the Dungeon
  3456 | D:5      | HP: 1/34 [phantom (6)]
  3457 | D:5      | Reached XP level 7. HP: 1/39 MP: 4/17
  3829 | D:5      | Found a shadowy altar of Dithmenos.
  3879 | D:5      | Learned a level 4 spell: Iskenderun's Mystic Blast
  3899 | D:5      | Found an ornate altar of the Wu Jian Council.
  3934 | D:5      | Reached skill level 6 in Spellcasting
  4184 | D:4      | Got a tiger eye-studded leather armour
  4185 | D:4      | Identified the +1 leather armour "Kehaxuni" {Dex+4} (You
                  | found it on level 4 of the Dungeon)
  4232 | D:4      | Found a staircase to the Ecumenical Temple.
  4241 | Temple   | Entered the Ecumenical Temple
  4830 | D:4      | Reached skill level 7 in Spellcasting
  5192 | D:4      | Found Nerchal's Antique Armour Emporium.
  5219 | D:4      | Reached XP level 8. HP: 44/44 MP: 14/21
  5459 | D:3      | Found a faded altar of an unknown god.
  5634 | D:3      | Found a glowing silver altar of Zin.
  6116 | D:5      | Reached skill level 8 in Spellcasting
  6465 | D:6      | Found Ikiazic's Antique Armour Boutique.
  6645 | D:6      | Reached skill level 1 in Armour
  6691 | D:6      | Found a shattered altar of Ashenzari.
  6693 | D:6      | Found a snail-covered altar of Cheibriados.
  7293 | D:6      | Found a stormy altar of Qazlal.
  7296 | D:6      | Became a worshipper of Cheibriados the Contemplative
  7352 | D:7      | Found a bloodstained altar of Trog.
  7382 | D:7      | Reached skill level 9 in Spellcasting
  7441 | D:7      | Got a heavily runed leather armour
  7447 | D:7      | Identified the cursed +0 leather armour of Worch {-Cast
                  | rC++ Str+5} (You found it on level 7 of the Dungeon)
  7540 | D:6      | Reached skill level 1 in Invocations
  7804 | D:6      | Reached XP level 9. HP: 50/50 MP: 17/24
  8020 | D:6      | Found an iron altar of Okawaru.
  8097 | D:6      | Found a basalt altar of Yredelemnul.
  8364 | D:7      | Found an iron altar of Okawaru.
  8425 | D:7      | Noticed Duvessa
  8426 | D:7      | Noticed Dowan
  8444 | D:7      | Killed Duvessa
  8444 | D:7      | Reached skill level 1 in Long Blades
  8459 | D:7      | Reached * piety under Cheibriados
  8824 | D:7      | Killed Dowan
  9109 | D:7      | Learned a level 4 spell: Fulminant Prism
  9522 | D:8      | Reached skill level 1 in Hexes
 10062 | D:7      | Slain by a yak

Illustrated notes

Levels and vault maps discovered:
D:1:      ncdulo_watergridlock, layout_basic, chequers_mini_garden
D:2:      layout_loops_ring, marbit_many_paths
D:3:      layout_basic, fedhas_altar_2, zin_treasury,
          chequers_ecumenical_altar_simple, minmay_fractal_squares_5,
          uniq_sigmund
D:4:      layout_basic, minmay_temple_entry_statues_fountains, serial_shops,
          nicolae_shop_overgrown_old_shop, minmay_puff
D:5:      minmay_opposing_rooms, layout_basic, nicolae_dithmenos_the_darkroom,
          lemuel_doored_altar
D:6:      layout_rooms, kennysheep_little_box,
          yredelemnul_forgotten_temple_becter, nicolae_overflow_hidden_temple,
          serial_shops, shop_fountains, serial_bayou_pond_e
D:7:      cheibrodos_helix_gallery, layout_cave_pods, kennysheep_mini,
          serial_column_ruins, column_ruins_open_tiny,
          column_ruins_corridor_corner, column_ruins_open_tiny,
          column_ruins_corridor_straight, column_ruins_grid_1,
          okawaru_ov_weapons_minmay, uniq_duvessa
D:8:      layout_rooms, lemuel_round_altar, minmay_lair_entry_grove,
          serial_shops, nicolae_shop_trees, kennysheep_crisscross,
          serial_park_tiny_1, uniq_maurice
Temple:   zaba_magenta_temple

Skill      XL: |  1  2  3  4  5  6  7  8  9 |
---------------+----------------------------+-----
Conjurations   | 5 6 7 8 |  8.8
Spellcasting   | 4 5 7 9 |  9.8
Fighting       | 1 2 3 |  3.6
Shields        | 1 2 3 |  3.5
Stealth        | 3 |  3.9
Dodging        | 3 4 |  4.0
Armour         | 1 3 |  3.0
Invocations    | 1 2 |  2.9
Long Blades    | 2 |  2.7
Hexes          | 1 |  1.4
Short Blades   | |  0.2
Translocations | |  0.3
Evocations     | |  0.5

Action                   |  1- 3 |  4- 6 |  7- 9 || total
-------------------------+-------+-------+-------++-------
Melee: Unarmed           |       |     5 |       ||     5
       Short sword       |       |     1 |    17 ||    18
       Scimitar          |       |       |    23 ||    23
 Cast: Magic Dart        |    48 |    74 |   135 ||   257
       Searing Ray       |     5 |     9 |    51 ||    65
       Iskenderun's Myst |       |       |    11 ||    11
       Fulminant Prism   |       |       |     5 ||     5
Evoke: Wand              |       |       |     4 ||     4
  Use: Scroll            |     1 |     9 |     9 ||    19
       Potion            |       |     3 |       ||     3
 Stab: Sleeping          |       |       |     1 ||     1
       Distracted        |       |       |     1 ||     1
Armor: Robe              |       |     5 |       ||     5
       Leather armour    |       |       |    19 ||    19
Dodge: Dodged            |     2 |    26 |    63 ||    91
       Repelled          |       |       |     1 ||     1
       Rpst.: Scimitar   |       |       |    13 ||    13

Table legend: (Time is in decaauts)
 A = Elapsed time spent in this place.
 B = Non-inter-level travel time spent in this place.
 C = Inter-level travel time spent in this place.
 D = Time resting spent in this place.
 E = Time spent auto-exploring this place.
 F = Levels seen in this place.
 G = Mean time per level.
                   A        B        C        D        E       F      G
               +--------+--------+--------+--------+--------+-----+--------+
         Total |  10353 |   9973 |    380 |   1975 |   6399 |   9 | 1150.3 |
       Dungeon |  10201 |   9839 |    362 |   1975 |   6267 |   8 | 1275.1 |
        Temple |    151 |    133 |     18 |      0 |    132 |   1 |  151.0 |
               +--------+--------+--------+--------+--------+-----+--------+

Top non-repeatable levels by time:
     D:7: 2750 daAuts
     D:3: 1690 daAuts
     D:5: 1427 daAuts
     D:1: 1238 daAuts
     D:4: 1133 daAuts
     D:6: 1064 daAuts
     D:2: 831 daAuts
  Temple: 151 daAuts
     D:8: 64 daAuts
